Map: Inside and Out

Players

Azure

  • Race: Terran Terran
  • Spawn Location: 1:00

NightMare - Winner!

  • Race: Protoss Protoss
  • Spawn Location: 7:00

Event: DreamHack SC2 Masters 2022 Atlanta (Offline)

VOD

Have the link to the VOD?

Description

Time

  • Played on: Nov. 18, 2022, 10:03 a.m.
  • Length: 5:57

All games in this series

Show
View Real Time Build Order
Export as new Build Order

Azure Terran 

Build Orders: Reaper Expand 

Get SALT Encoding   

  12  0:00  SCV  
  13  0:12  SCV  
  14  0:17  Supply Depot  
  14  0:24  SCV  
  15  0:38  SCV  
  15  0:40  Barracks  
  16  0:44  Refinery  
  16  0:50  SCV  
  17  1:03  SCV  
  18  1:12  Engineering Bay  
  18  1:15  SCV  
  19  1:27  Reaper, Orbital Command  
  20  1:46  Command Center  
  20  1:53  Bunker  
  20  1:56  SCV  
  20  2:00  Marine  
  22  2:06  Supply Depot  
  22  2:10  SCV  
  22  2:21  Factory  
  22  2:22  SCV  
  22  2:23  Barracks Reactor  
  23  2:32  Refinery  
  23  2:35  SCV  
  24  2:38  Bunker  
  24  2:47  SCV  
  23  2:58  Orbital Command  
  23  2:59  SCV  
  23  3:02  Marine x2  
  25  3:08  Starport  
  25  3:11  SCV  
  28  3:13  Widow Mine  
  28  3:21  Marine x2  
  28  3:23  SCV  
  28  3:25  SCV  
  31  3:35  SCV  
  31  3:39  Marine x2  
  33  3:47  Medivac  
  35  3:48  SCV  
  35  3:49  SCV  
  35  3:51  Widow Mine  
  35  3:54  Supply Depot  
  39  4:00  Marine x2  
  39  4:01  SCV  
  42  4:03  Barracks  
  42  4:05  SCV  
  43  4:13  SCV  
  43  4:14  Supply Depot, Factory Tech Lab  
  44  4:17  SCV  
  44  4:21  Starport Tech Lab  
  46  4:25  SCV  
  46  4:27  Marine x2  
  46  4:29  SCV  
  49  4:32  Siege Tank  
  49  4:37  Supply Depot, SCV  
  53  4:40  Raven  
  53  4:41  SCV  
  53  4:45  Marine x2  
  58  4:49  SCV  
  58  4:52  Barracks  
  59  4:53  SCV  
  59  4:56  Bunker  
  60  5:00  Barracks  
  60  5:01  SCV  
  60  5:02  Marine  
  60  5:06  SCV  
  64  5:13  SCV, Marine  
  65  5:17  Factory Reactor  
  65  5:18  SCV  
  66  5:22  Marine  
  66  5:25  SCV  
  67  5:28  Marine  
  67  5:30  SCV  
  67  5:37  SCV  
  67  5:42  SCV  
Show
View Real Time Build Order
Export as new Build Order

NightMare Protoss - Winner!

Build Orders: 1 Gate Expand, Blink Stalkers 

Get SALT Encoding   

  12  0:00  Probe  
  13  0:12  Probe  
  14  0:17  Pylon  
  14  0:24  Probe (Chrono Boost)  
  15  0:36  Probe (Chrono Boost), Gateway  
  16  0:45  Probe (Chrono Boost)  
  16  0:46  Assimilator  
  17  0:50  Probe  
  18  1:03  Probe  
  19  1:15  Probe  
  20  1:24  Cybernetics Core  
  21  1:37  Nexus  
  20  1:41  Pylon  
  20  1:44  Probe  
  21  1:51  Assimilator  
  21  1:56  Probe  
  21  1:58  Adept (Chrono Boost)  
  22  2:02  Warp Gate  
  24  2:08  Probe  
  25  2:18  Stalker (Chrono Boost)  
  25  2:20  Probe  
  28  2:32  Probe  
  28  2:35  Twilight Council  
  29  2:45  Probe  
  29  2:50  Probe  
  31  2:57  Probe  
  32  3:02  Probe  
  33  3:08  Robotics Facility  
  33  3:09  Probe  
  33  3:10  Blink (Chrono Boost)  
  34  3:14  Probe  
  35  3:23  Probe  
  35  3:27  Probe  
  37  3:33  Gateway  
  37  3:35  Gateway  
  37  3:37  Gateway  
  37  3:39  Probe x2  
  37  3:49  Pylon  
  37  3:51  Probe x2  
  37  3:52  Stalker  
  37  3:55  Observer  
  42  4:00  Pylon  
  42  4:03  Probe x2  
  44  4:10  Pylon  
  44  4:14  Warp Prism (Chrono Boost)  
  44  4:15  Stalker  
  46  4:19  Probe  
  46  4:20  Probe  
  50  4:27  Stalker  
  50  4:29  Stalker  
  54  4:33  Assimilator  
  54  4:36  Stalker  
  56  4:39  Stalker  
  56  4:42  Probe  
  56  4:43  Probe  
  60  4:49  Assimilator  
  60  4:57  Observer  
  60  5:02  Pylon  
  60  5:04  Probe x2  
  62  5:10  Pylon  
  62  5:11  Stalker x4  
  70  5:26  Probe x2  
  60  5:37  Stalker x3  
  60  5:38  Probe x2  
  60  5:40  Stalker  
Tags
 
Add a new tag
Caveats
  • Supply blocks, unpowered buildings, or Contaminate may cause inaccurate times.
  • Supply counts are checked every 10 seconds.